TOP OF THE 1ST |
---|
Nashua Redlegs batting - Pitching for Beaverton Bronze Souls : RHP Arlen Wright | Pitching: RHP Arlen Wright | | Batting: RHB Spencer Pritchett | 0-0: Foul Ball, location: 2F 0-1: Swinging Strike 0-2: Ball 1-2: Ball 2-2: Strikes out swinging | Batting: RHB David Adams | 0-0: Called Strike 0-1: Ball 1-1: Called Strike 1-2: Foul Ball, location: 2F 1-2: Strikes out swinging | Batting: RHB Bob Fitzgerald | 0-0: Called Strike 0-1: Ball 1-1: Ball 2-1: Ball 3-1: Base on Balls | Batting: RHB Katsuhito Ohayashi | 0-0: Ball 1-0: Swinging Strike 1-1: Ball 2-1: Foul Ball, location: 2F 2-2: Strikes out swinging | Top of the 1st over - 0 runs, 0 hits, 0 errors, 1 left on base; Nashua 0 - Beaverton 0 | BOTTOM OF THE 1ST |
---|
Beaverton Bronze Souls batting - Pitching for Nashua Redlegs : RHP John Evans | Pitching: RHP John Evans | | Batting: RHB Nathan Smith | 0-0: Foul Ball, location: 2F 0-1: Ground out 4-3 (Groundball, 4MS) | Batting: RHB Marshall Gross | 0-0: Foul Ball, location: 2F 0-1: Swinging Strike 0-2: SINGLE (Groundball, 5S) (infield hit) | Batting: LHB Balduíno Bruschy | 0-0: Called Strike 0-1: Called Strike 0-2: Strikes out swinging | Batting: RHB Cameron Irwin | 0-0: Swinging Strike 0-1: Called Strike 0-2: Foul Ball, location: 2F 0-2: Ball 1-2: Ground out 6-3 (Groundball, 6) | Bottom of the 1st over - 0 runs, 1 hit, 0 errors, 1 left on base; Nashua 0 - Beaverton 0 | TOP OF THE 2ND |
---|
Nashua Redlegs batting - Pitching for Beaverton Bronze Souls : RHP Arlen Wright | Batting: RHB Ánibal Barrios | 0-0: Swinging Strike 0-1: Ground out 1-3 (Groundball, 15S) | Batting: LHB Derrek Robinson | 0-0: Called Strike 0-1: Ball 1-1: Foul Ball, location: 2F 1-2: Fly out, F7 (Flyball, 7D) | Batting: RHB Jorge Valenzuela | 0-0: Ball 1-0: SINGLE (Line Drive, 78M) | Batting: RHB José Méndez | 0-0: Foul Ball, location: 2F 0-1: Called Strike Jorge Valenzuela steals 2nd base 0-2: Ball 1-2: Foul Ball, location: 2F 1-2: SINGLE (Groundball, 56D) Jorge Valenzuela to third Runner from 3rd tries for Home, SAFE, no throw | Batting: RHB José Luján | 0-0: Called Strike 0-1: Ball 1-1: Called Strike 1-2: Fielders Choice at 2nd, 6-4 (Groundball, 6) | Top of the 2nd over - 1 run, 2 hits, 0 errors, 1 left on base; Nashua 1 - Beaverton 0 | BOTTOM OF THE 2ND |
---|
Beaverton Bronze Souls batting - Pitching for Nashua Redlegs : RHP John Evans | Batting: LHB Luis Aragón | 0-0: Called Strike 0-1: Called Strike 0-2: Strikes out swinging | Batting: RHB Vernon Harris | 0-0: Called Strike 0-1: Called Strike 0-2: Foul Ball, location: 2F 0-2: Foul Ball, location: 2F 0-2: Strikes out swinging | Batting: RHB Armando García | 0-0: Called Strike 0-1: Foul Ball, location: 2F 0-2: Fly out, F9 (Flyball, 9S) | Bottom of the 2nd over - 0 runs, 0 hits, 0 errors, 0 left on base; Nashua 1 - Beaverton 0 | TOP OF THE 3RD |
---|
Nashua Redlegs batting - Pitching for Beaverton Bronze Souls : RHP Arlen Wright | Batting: RHB Spencer Pritchett | 0-0: Ball 1-0: Foul Ball, location: 2F 1-1: Ball 2-1: Fly out, F9 (Flyball, 9LM) | Batting: RHB David Adams | 0-0: Ball 1-0: Foul Ball, location: 2F 1-1: Foul Ball, location: 2F 1-2: Strikes out swinging | Batting: RHB Bob Fitzgerald | 0-0: SINGLE (Flyball, 8RS) | Batting: RHB Katsuhito Ohayashi | 0-0: Ball 1-0: Fly out, F5 (Popup, 56S) | Top of the 3rd over - 0 runs, 1 hit, 0 errors, 1 left on base; Nashua 1 - Beaverton 0 | BOTTOM OF THE 3RD |
---|
Beaverton Bronze Souls batting - Pitching for Nashua Redlegs : RHP John Evans | Batting: RHB Jacob Glasspool | 0-0: Called Strike 0-1: Ball 1-1: Ball 2-1: Ball 3-1: Fly out, F8 (Flyball, 8LM) | Batting: RHB Robbie Barnes | 0-0: Ground out 5-3 (Groundball, 5S) | Batting: RHB Nathan Smith | 0-0: Called Strike 0-1: Ball 1-1: Ball 2-1: Ground out 5-3 (Groundball, 56) | Bottom of the 3rd over - 0 runs, 0 hits, 0 errors, 0 left on base; Nashua 1 - Beaverton 0 | TOP OF THE 4TH |
---|
Nashua Redlegs batting - Pitching for Beaverton Bronze Souls : RHP Arlen Wright | Batting: RHB Ánibal Barrios | 0-0: Ball 1-0: Ball 2-0: Called Strike 2-1: Ball 3-1: Called Strike 3-2: Reached on error, E5 (Groundball, 5S) | Batting: LHB Derrek Robinson | 0-0: Ball 1-0: Ball Wild Pitch! Ánibal Barrios to second 2-0: Ball Ánibal Barrios steals 3rd base 3-0: Base on Balls | Batting: RHB Jorge Valenzuela | Pickoff Throw to First - Error! E1 Ánibal Barrios scores Derrek Robinson to second 0-0: Ball 1-0: Called Strike Derrek Robinson steals 3rd base 1-1: Swinging Strike 1-2: Ball 2-2: Ball 3-2: Base on Balls | Batting: RHB José Méndez | 0-0: Ball 1-0: Called Strike 1-1: Foul Ball, location: 2F 1-2: SINGLE (Groundball, 6D) Derrek Robinson scores Jorge Valenzuela to second | Batting: RHB José Luján | 0-0: 3-RUN HOME RUN (Flyball, 9D), Distance : 361 ft | Batting: RHB Spencer Pritchett | 0-0: Called Strike 0-1: Ball 1-1: Foul Ball, location: 2F 1-2: SINGLE (Groundball, 3S) (infield hit) | Batting: RHB David Adams | 0-0: Ball 1-0: Called Strike 1-1: Ball 2-1: Fly out, F7 (Flyball, 7S) | Batting: RHB Bob Fitzgerald | 0-0: Called Strike Spencer Pritchett steals 2nd base 0-1: Ball 1-1: Foul Ball, location: 2F 1-2: Ground out 1-3 (Groundball, P) Spencer Pritchett to third | Batting: RHB Katsuhito Ohayashi | 0-0: Called Strike 0-1: Ball 1-1: Swinging Strike 1-2: Ball 2-2: Foul Ball, location: 2F 2-2: Ball 3-2: Strikes out swinging | Top of the 4th over - 5 runs, 3 hits, 2 errors, 1 left on base; Nashua 6 - Beaverton 0 | BOTTOM OF THE 4TH |
---|
Beaverton Bronze Souls batting - Pitching for Nashua Redlegs : RHP John Evans | Batting: RHB Marshall Gross | 0-0: SINGLE (Line Drive, 4MD) | Batting: LHB Balduíno Bruschy | 0-0: Ball 1-0: Foul Ball, location: 2F 1-1: Called Strike 1-2: Ball 2-2: Foul Ball, location: 2F 2-2: Strikes out looking | Batting: RHB Cameron Irwin | 0-0: Called Strike 0-1: SINGLE (Groundball, 56S) (infield hit) Marshall Gross to second | Batting: LHB Luis Aragón | 0-0: Foul Ball, location: 2F 0-1: Ball 1-1: Swinging Strike 1-2: Ball 2-2: Grounds into double play, 6-4-3 (Groundball, 6) | Bottom of the 4th over - 0 runs, 2 hits, 0 errors, 1 left on base; Nashua 6 - Beaverton 0 | TOP OF THE 5TH |
---|
Nashua Redlegs batting - Pitching for Beaverton Bronze Souls : RHP Arlen Wright | Batting: RHB Ánibal Barrios | 0-0: Ground out 1-3 (Groundball, 13) | Batting: LHB Derrek Robinson | 0-0: Swinging Strike 0-1: Ball 1-1: SINGLE (Flyball, 78S) | Batting: RHB Jorge Valenzuela | 0-0: Ball Derrek Robinson steals 2nd base 1-0: Ball 2-0: Ball 3-0: Called Strike 3-1: Swinging Strike 3-2: Fly out, F8 (Flyball, 8RXD) Runner from 2nd tags up, SAFE at 3rd, no throw | Batting: RHB José Méndez | 0-0: Called Strike 0-1: Reached on error, E6 (Groundball, 6) Derrek Robinson scores | Batting: RHB José Luján | 0-0: SINGLE (Groundball, 6M) (infield hit) José Méndez to second | Batting: RHB Spencer Pritchett | 0-0: Called Strike 0-1: Fly out, F7 (Flyball, 7LM) | Top of the 5th over - 1 run, 2 hits, 1 error, 2 left on base; Nashua 7 - Beaverton 0 | BOTTOM OF THE 5TH |
---|
Beaverton Bronze Souls batting - Pitching for Nashua Redlegs : RHP John Evans | Batting: RHB Vernon Harris | 0-0: Ball 1-0: Ball 2-0: SINGLE (Line Drive, 9LM) | Batting: RHB Armando García | 0-0: Ball 1-0: Foul Ball, location: 2F 1-1: Ball 2-1: Foul Ball, location: 2F 2-2: Grounds into double play, 5-4-3 (Groundball, 5L) | Batting: RHB Jacob Glasspool | 0-0: Called Strike 0-1: Swinging Strike 0-2: Ball 1-2: SINGLE (Groundball, 56) (infield hit) | Batting: RHB Robbie Barnes | 0-0: Ball 1-0: Called Strike 1-1: Ball 2-1: Called Strike Pickoff Throw to First - Out! | Bottom of the 5th over - 0 runs, 2 hits, 0 errors, 0 left on base; Nashua 7 - Beaverton 0 | TOP OF THE 6TH |
---|
Nashua Redlegs batting - Pitching for Beaverton Bronze Souls : RHP Arlen Wright | Batting: RHB David Adams | 0-0: Foul Ball, location: 2F 0-1: Ball 1-1: SINGLE (Groundball, 34) (infield hit) | Batting: RHB Bob Fitzgerald | 0-0: Called Strike 0-1: Grounds into double play, 1-6-3 (Groundball, 13) | Batting: RHB Katsuhito Ohayashi | 0-0: Swinging Strike 0-1: Foul Ball, location: 2F 0-2: Strikes out swinging | Top of the 6th over - 0 runs, 1 hit, 0 errors, 0 left on base; Nashua 7 - Beaverton 0 | BOTTOM OF THE 6TH |
---|
Beaverton Bronze Souls batting - Pitching for Nashua Redlegs : RHP John Evans | Batting: RHB Robbie Barnes | 0-0: Ball 1-0: Swinging Strike 1-1: Called Strike 1-2: Fly out, F8 (Flyball, 8RM) | Batting: RHB Nathan Smith | 0-0: Ball 1-0: DOUBLE (Line Drive, 89D) | Batting: RHB Marshall Gross | 0-0: Ball Nathan Smith steals 3rd base 1-0: Called Strike 1-1: SINGLE (Groundball, 6D) Nathan Smith scores | Batting: LHB Balduíno Bruschy | 0-0: Ball 1-0: Called Strike 1-1: Ball 2-1: Ball 3-1: Base on Balls Marshall Gross to second | Batting: RHB Cameron Irwin | 0-0: Fly out, F7 (Flyball, 78M) | Batting: LHB Luis Aragón | 0-0: Foul Ball, location: 2F 0-1: Foul Ball, location: 2F 0-2: Ball 1-2: Ball 2-2: Ball 3-2: SINGLE (Line Drive, 6) Marshall Gross to third Balduíno Bruschy to second Marshall Gross scores Balduíno Bruschy to third | Batting: RHB Vernon Harris | 0-0: Ball 1-0: Ball 2-0: Ball 3-0: Base on Balls Luis Aragón to second | Batting: RHB Armando García | 0-0: Ball 1-0: Ball 2-0: Ball 3-0: Called Strike 3-1: Foul Ball, location: 2F 3-2: Base on Balls Balduíno Bruschy scores Luis Aragón to third Vernon Harris to second | Batting: RHB Jacob Glasspool | 0-0: Called Strike 0-1: Ball 1-1: Called Strike 1-2: Strikes out swinging | Bottom of the 6th over - 3 runs, 3 hits, 0 errors, 3 left on base; Nashua 7 - Beaverton 3 | TOP OF THE 7TH |
---|
Nashua Redlegs batting - Pitching for Beaverton Bronze Souls : RHP Arlen Wright | Pitching: RHP Wilson Díaz | | Batting: RHB Ánibal Barrios | 0-0: SINGLE (Line Drive, 7S) | Batting: LHB Derrek Robinson | 0-0: Ball 1-0: SINGLE (Groundball, 56D) Ánibal Barrios to second | Batting: RHB Jorge Valenzuela | 0-0: Ball 1-0: Ball 2-0: Foul Ball, location: 2F 2-1: Foul Ball, location: 2F 2-2: Foul Ball, location: 2F 2-2: Strikes out swinging | Batting: RHB José Méndez | 0-0: Called Strike 0-1: Ball 1-1: Swinging Strike 1-2: Foul Ball, location: 2F 1-2: Strikes out swinging | Batting: RHB José Luján | 0-0: Ball 1-0: Foul Ball, location: 2F 1-1: Foul Ball, location: 2F 1-2: Ball 2-2: Ball 3-2: Strikes out swinging | Top of the 7th over - 0 runs, 2 hits, 0 errors, 2 left on base; Nashua 7 - Beaverton 3 | BOTTOM OF THE 7TH |
---|
Beaverton Bronze Souls batting - Pitching for Nashua Redlegs : RHP John Evans | Pitching: RHP Mike Green | | Batting: RHB Robbie Barnes | 0-0: Ball 1-0: Called Strike 1-1: Fly out, F7 (Flyball, 7) | Batting: RHB Nathan Smith | 0-0: Called Strike 0-1: Ball 1-1: SINGLE (Groundball, 56D) | Batting: RHB Marshall Gross | 0-0: Ball 1-0: Ball Throwing error on steal attempt, E2 Nathan Smith to third 2-0: Foul Ball, location: 2F 2-1: SINGLE (Line Drive, 4MD) Nathan Smith scores | Batting: LHB Balduíno Bruschy | 0-0: Ball 1-0: Called Strike 1-1: Called Strike 1-2: Foul Ball, location: 2F 1-2: Strikes out swinging | Batting: RHB Cameron Irwin | 0-0: Called Strike 0-1: Ball 1-1: Called Strike 1-2: Ball 2-2: SINGLE (Flyball, 7S) Marshall Gross to second | Batting: LHB Luis Aragón | 0-0: Ball 1-0: Ball 2-0: Called Strike 2-1: Ball 3-1: Base on Balls Marshall Gross to third Cameron Irwin to second | Batting: RHB Vernon Harris | 0-0: Called Strike 0-1: Ball 1-1: Called Strike 1-2: Ball 2-2: Fly out, F9 (Flyball, 9S) | Bottom of the 7th over - 1 run, 3 hits, 1 error, 3 left on base; Nashua 7 - Beaverton 4 | TOP OF THE 8TH |
---|
Nashua Redlegs batting - Pitching for Beaverton Bronze Souls : RHP Wilson Díaz | Batting: RHB Spencer Pritchett | 0-0: Ground out 3-1 (Groundball, 34) | Batting: RHB David Adams | 0-0: Ball 1-0: Ball 2-0: Ball 3-0: Base on Balls | Batting: RHB Bob Fitzgerald | 0-0: Ball 1-0: DOUBLE (Groundball, 5L) David Adams to third Runner from 3rd tries for Home, SAFE, no throw | Batting: RHB Katsuhito Ohayashi | 0-0: Intentional Walk | Batting: RHB Ánibal Barrios | 0-0: Ball 1-0: Ball 2-0: Foul Ball, location: 2F 2-1: Foul Ball, location: 2F 2-2: Strikes out swinging | Batting: LHB Derrek Robinson | 0-0: Foul Ball, location: 2F 0-1: Foul Ball, location: 2F 0-2: Ball 1-2: Foul Ball, location: 2F 1-2: Ball 2-2: Foul Ball, location: 2F 2-2: Foul Ball, location: 2F 2-2: Reached on error, E5 (Groundball, 56) Bob Fitzgerald to third Katsuhito Ohayashi to second | Batting: RHB Jorge Valenzuela | 0-0: Swinging Strike 0-1: Called Strike 0-2: Foul Ball, location: 2F 0-2: Foul Ball, location: 2F 0-2: Strikes out swinging | Top of the 8th over - 1 run, 1 hit, 1 error, 3 left on base; Nashua 8 - Beaverton 4 | BOTTOM OF THE 8TH |
---|
Beaverton Bronze Souls batting - Pitching for Nashua Redlegs : RHP Mike Green | Batting: RHB Armando García | 0-0: Ball 1-0: Called Strike 1-1: SINGLE (Line Drive, 6D) | Batting: RHB Jacob Glasspool | 0-0: DOUBLE (Groundball, 3L) Armando García to third | Batting: RHB Robbie Barnes | 0-0: Ball 1-0: Ball 2-0: Called Strike 2-1: Ground out 5-3 (Groundball, 56S) Armando García scores Jacob Glasspool to third | Pitching: RHP Alonso Rivera | | Batting: RHB Nathan Smith | 0-0: Ball 1-0: Ball 2-0: Ball 3-0: Called Strike 3-1: Foul Ball, location: 2F 3-2: Strikes out swinging | Batting: RHB Marshall Gross | 0-0: Called Strike 0-1: Ball 1-1: Foul Ball, location: 2F 1-2: Strikes out swinging | Bottom of the 8th over - 1 run, 2 hits, 0 errors, 1 left on base; Nashua 8 - Beaverton 5 | TOP OF THE 9TH |
---|
Nashua Redlegs batting - Pitching for Beaverton Bronze Souls : RHP Wilson Díaz | Batting: RHB José Méndez | 0-0: Reached on error, E5 (Groundball, 56S) | Batting: RHB José Luján | 0-0: Foul Ball, location: 2F 0-1: Foul Ball, location: 2F 0-2: Ball 1-2: Ball 2-2: Foul Ball, location: 2F 2-2: Strikes out swinging | Batting: RHB Spencer Pritchett | 0-0: Called Strike 0-1: Reached on error, E6 (Line Drive, 6) José Méndez to second | Batting: RHB David Adams | 0-0: Grounds into double play, 6-4-3 (Groundball, 6) | Top of the 9th over - 0 runs, 0 hits, 2 errors, 1 left on base; Nashua 8 - Beaverton 5 | BOTTOM OF THE 9TH |
---|
Beaverton Bronze Souls batting - Pitching for Nashua Redlegs : RHP Alonso Rivera | Pitching: LHP Emory Contreras | | Now at SS: John Newman | | Now in LF: Dave Warren | | Batting: LHB Balduíno Bruschy | 0-0: Called Strike 0-1: Foul Ball, location: 2F 0-2: Strikes out swinging | Batting: RHB Cameron Irwin | 0-0: Swinging Strike 0-1: Called Strike 0-2: Ball 1-2: Ball 2-2: Strikes out looking | Batting: LHB Luis Aragón | 0-0: Called Strike 0-1: Swinging Strike 0-2: Strikes out looking | Bottom of the 9th over - 0 runs, 0 hits, 0 errors, 0 left on base; Nashua 8 - Beaverton 5 | |